 Dungeon Crawl Stone Soup version 0.21.1 (webtiles) character file.

45118 letownia2 the Grappler (level 14, -1/96 HPs)
             Began as a Gargoyle Wizard on Feb 3, 2018.
             Was an Initiate of Gozag.
             Slain by a spiny frog (19 damage)
             ... on level 6 of the Lair of Beasts.
             The game lasted 01:04:45 (19845 turns).

letownia2 the Grappler (Gargoyle Wizard)           Turns: 19845, Time: 01:04:46

Health: -1/96      AC: 15    Str: 16    XL:     14   Next: 31%
Magic:  14/27      EV: 11    Int: 19    God:    Gozag
Gold:   2183       SH:  4    Dex:  8    Spells: 12/31 levels left

rFire    + + .     SeeInvis +     - Unarmed
rCold    + . .     Gourm    .   J - +0 buckler
rNeg     + + .     Faith    .   w - +0 ring mail
rPois    ∞         Spirit   .   F - -2 hat of the Alchemist {rElec rPois rF+ rC+ rN+ MR+ rMut rCorr}
rElec    +         Reflect  .   U - scarf {cloud immunity}
rCorr    +         Harm     .   (no gloves)
rMut     +                      (no boots)
MR       ++...                  (no amulet)
Stlth    +.........             X - ring of see invisible
HPRegen  0.26/turn              y - ring of the Bull {rCorr rF+}
MPRegen  0.20/turn

@: gold aura, very slightly contaminated
A: big wings, negative energy resistance 1, electricity resistance, unbreathing,
petrification resistance, rot immunity, AC +10
a: Fly, Potion Petition, Call Merchant, Bribe Branch, Renounce Religion


You were on level 6 of the Lair of Beasts.
You worshipped Gozag.
Gozag was most pleased with you.
You were hungry.

You visited 3 branches of the dungeon, and saw 18 of its levels.

You collected 4952 gold pieces.
You spent 613 gold pieces at shops.
You paid 2156 gold pieces to Gozag.

Inventory:

Hand Weapons
 a - a +2 dagger of venom
 b - a +1 whip of electrocution
 u - a +0 blowgun
Missiles
 g - 76 bolts
 s - 2 throwing nets (quivered)
 t - 76 poisoned needles
Armour
 c - a +1 plate armour of cold resistance
 f - the +5 shield of the Lair of Beasts {-Cast rElec Slay+5}
   (You found it on level 2 of the Lair of Beasts)

   It affects your accuracy and damage with ranged weapons and melee attacks
   (+5).
   It insulates you from electricity.
   It prevents spellcasting.
 w - a +0 ring mail (worn)
 F - the -2 hat of the Alchemist (worn) {rElec rPois rF+ rC+ rN+ MR+ rMut rCorr}
   (You bought it in a shop on level 2 of the Lair of Beasts)

   It protects you from fire.
   It protects you from cold.
   It insulates you from electricity.
   It protects you from poison.
   It protects you from negative energy.
   It affects your resistance to hostile enchantments.
   It protects you from acid and corrosion.
   It protects you from mutation.
 J - a +0 buckler (worn)
 L - the +0 plate armour of Generosity {rN+ Dex+8}
   (You found it on level 5 of the Dungeon)

   It affects your dexterity (+8).
   It protects you from negative energy.
 S - a +2 hat
 U - a scarf of cloud immunity (worn)
Jewellery
 y - the ring of the Bull (right hand) {rCorr rF+}
   (You found it on level 5 of the Lair of Beasts)

   [ring of resist corrosion]

   It protects you from fire.
 D - an uncursed ring of fire
 X - a ring of see invisible (left hand)
Wands
 h - a wand of scattershot (1)
 k - a wand of digging (13)
 q - a wand of disintegration (20)
 v - a wand of paralysis (38)
 B - a wand of acid (18)
 G - a wand of random effects (9)
 N - a wand of flame (49)
 R - a wand of enslavement (8)
Scrolls
 e - a scroll of magic mapping
 i - 4 scrolls of identify
 j - 8 scrolls of teleportation
 l - a scroll of enchant armour {unknown}
 r - a scroll of random uselessness {unknown}
 E - 7 scrolls of remove curse
 M - a scroll of fear {unknown}
 O - 2 scrolls of fog
 P - 3 scrolls of immolation
 Q - a scroll of amnesia
 V - 2 scrolls of blinking
 Y - a scroll of silence {unknown}
Potions
 m - a potion of berserk rage
 n - 3 potions of lignification {unknown}
 o - 3 potions of haste
 p - 4 potions of curing
 x - 3 potions of cancellation {unknown}
 z - a potion of ambrosia
 A - 2 potions of mutation {unknown}
 C - 3 potions of resistance
 H - 4 potions of agility {unknown}
 I - 3 potions of heal wounds
 K - a potion of brilliance
 T - a potion of might
Miscellaneous
 Z - a sack of spiders
Comestibles
 d - 6 rations


   Skills:
 - Level 14.1 Fighting
 - Level 7.1 Armour
 - Level 2.0 Dodging
 - Level 2.1 Stealth
 - Level 4.2 Shields
 - Level 14.6 Unarmed Combat
 - Level 9.0 Spellcasting
 - Level 4.0 Conjurations
 - Level 1.0 Hexes
 + Level 3.0 Charms
 - Level 0.8 Summonings
 - Level 2.0 Translocations
 - Level 2.0 Fire Magic
 - Level 2.0 Air Magic
 - Level 2.0 Poison Magic


You had 12 spell levels left.
You knew the following spells:

 Your Spells              Type           Power        Failure   Level  Hunger
a - Magic Dart            Conj           ###.         2%          1    None
b - Blink                 Tloc           N/A          9%          2    None
c - Conjure Flame         Conj/Fire      ###.....     12%         3    None
d - Confusing Touch       Hex            ##....       10%         1    None
e - Mephitic Cloud        Conj/Pois/Air  ###.....     14%         3    None
i - Call Imp              Summ           ##......     16%         2    None
p - Poisonous Vapours     Pois/Air       ###...       9%          2    None
t - Shroud of Golubria    Chrm/Tloc      ###.......   8%          2    None
x - Dazzling Spray        Conj/Hex       ###...       16%         3    None


Dungeon Overview and Level Annotations

Branches:
Dungeon (11/15)            Temple (1/1) D:4            Lair (6/6) D:10
 Shoals (0/4) Lair:4        Snake (0/4) Lair:3        Slime (0/5) Lair:5
    Orc: D:9-12

Altars:
Ashenzari
Cheibriados
Dithmenos
Elyvilon
Fedhas
Gozag
Hepliaklqana
Kikubaaqudgha
Makhleb
Nemelex Xobeh
Okawaru
Qazlal
Ru
Sif Muna
Trog
Uskayaw
Wu Jian
Xom
Yredelemnul
Zin
The Shining One
Jiyva

Shops:
D:6 *   Lair:2 [=

Portals:
Trove: D:10 (give 2 scrolls of acquirement)

Annotations:
Lair:2 exclusion: 3 oklob plants


Innate Abilities, Weirdness & Mutations

You are resistant to torment.
Your stone body is resilient. (AC +10)
You are immune to poison.
Your large and strong wings let you fly indefinitely.
You resist negative energy. (rN+)
You are resistant to electric shocks. (rElec)
You can survive without breathing.
You are immune to petrification.
You are immune to rotting.


Message History

The tyrant leech is severely wounded.
The tyrant leech is engulfed in blazing flames.
You kill the tyrant leech!
Your Charms skill increases to level 3!
Unknown command.
Casting: Conjure Flame
Confirm with . or Enter, or press ? or * to list all spells.
Aiming: Conjure Flame
Press: ? - help, Dir - move target cursor The fire ignites!
The spiny frog is engulfed in blazing flames.
The spiny frog stings you!!
* * * LOW HITPOINT WARNING * * *
Unknown command.
You barely miss the spiny frog.
The spiny frog is heavily wounded.
The spiny frog is engulfed in blazing flames.
The spiny frog stings you!!
You die...
Your body crumbles into a pile of gold.

#≈P≈≈≈≈.....# ### ###.=.#
#≈P≈≈≈≈..P..# #..## ≈≈....
##..## #≈≈..≈ #.P..# #≈≈.≈#
#..... ≈≈ ###≈.P. ###..#..
P≈≈ ##≈≈≈≈.## #P...... $$
P.≈≈#≈≈≈≈≈..###### ##P....#
.≈≈≈#≈≈≈≈..@.#...# #P...##
≈≈≈≈≈≈≈≈.PF§.$..## ##.....
P≈≈≈≈≈≈P....$#.## #...##
≈≈≈≈≈≈P≈P......## ###.#
≈≈≈≈≈≈P≈...#.#..# #..##
≈≈PP≈≈≈≈..####..## ##..#
≈≈≈≈≈≈P≈..##.....#### #...#
≈≈≈≈≈P≈..#####....#.####P.##
≈≈≈≈≈≈≈.≈# #.........(....#


You could see a spiny frog.

Vanquished Creatures
  A vault guard (D:10)
  The ghost of Ymberto the Basher, a novice MiFi of Okawaru (D:9)
  3 hydras
  A catoblepas (Lair:4)
  A two-headed ogre (D:9)
  A queen ant (Lair:3)
  A salamander (Lair:1)
  The ghost of Paps the Cudgeler, a novice GrFi of Gozag (D:5)
  3 black mambas
  Maurice (D:8)
  5 elephants (Lair:2)
  The ghost of doot the Slasher, a novice DrCK of Xom (D:7)
  A centaur skeleton (D:10)
  26 spiny frogs
  A torpor snail (Lair:6)
  A rime drake (Lair:2)
  4 komodo dragons
  2 merfolk (Lair:4)
  2 tyrant leeches (Lair:6)
  5 polar bears
  Prince Ribbit (D:8)
  26 blink frogs
  4 hippogriffs
  4 fire bats (Lair:1)
  37 yaks
  A fire elemental (Lair:1)
  A steam dragon (D:10)
  5 vampire mosquitoes (Lair:6)
  5 basilisks
  6 nagas (Lair:3)
  9 soldier ants (Lair:3)
  6 water moccasins
  14 porcupines
  A hornet zombie (D:6)
  4 orc warriors
  3 sky beasts
  3 ice beasts
  A black bear (Lair:2)
  2 phantoms (D:8)
  13 wolves
  The ghost of HEYYEYAAE the Chiller, an amateur DrIE (D:3)
  6 ogres
  3 centaurs
  7 crocodiles
  A big kobold (D:8)
  21 bullfrogs
  A wyvern zombie (D:9)
  6 scorpions
  5 killer bees (D:8)
  4 wights (D:6)
  A howler monkey (D:6)
  A centaur zombie (D:6)
  8 electric eels
  2 crimson imps
  4 bullfrog zombies
  A lava snake (Lair:1)
  2 quasits
  4 bullfrog skeletons
  4 jellies
  A gnoll shaman (D:3)
  8 orc priests
  5 hounds
  Natasha (twice) (D:4)
  5 iguanas
  8 orc wizards
  28 worker ants
  A killer bee zombie (D:8)
  A hound zombie (D:9)
  2 hound skeletons
  A worker ant zombie (D:8)
  5 gnolls (D:4)
  8 adders
  3 shadow imps
  6 oozes
  An adder zombie (D:9)
  An adder skeleton (D:4)
  2 worms
  2 dart slugs (D:4)
  6 leopard geckos
  49 orcs
  9 bats
  A bat zombie (D:7)
  8 giant cockroaches
  8 hobgoblins
  9 jackals
  16 kobolds
  4 quokkas
  2 ball pythons (D:3)
  2 ball python skeletons (D:4)
  4 frilled lizards
  5 goblins
  A leopard gecko zombie (D:5)
  5 rats
  3 rat zombies (D:7)
  A fire vortex (Lair:1)
513 creatures vanquished.

Vanquished Creatures (collateral kills)
  A worker ant (Lair:3)
1 creature vanquished.

Vanquished Creatures (others)
  A bush (Lair:2)
  A fire vortex (Lair:1)
  33 fungi
  49 plants
84 creatures vanquished.

Grand Total: 598 creatures vanquished

Notes
Turn   | Place    | Note
-------+----------+-------------------------------------------
     0 | D:1      | letownia2 the Gargoyle Wizard began the quest for the Orb.
     0 | D:1      | Reached XP level 1. HP: 10/10 MP: 4/4
   398 | D:1      | Reached XP level 2. HP: 15/15 MP: 3/6
   761 | D:2      | Reached XP level 3. HP: 19/19 MP: 4/7
   917 | D:2      | Learned a level 3 spell: Mephitic Cloud
   921 | D:2      | Learned a level 3 spell: Conjure Flame
  1139 | D:2      | Noticed a dagger
  1140 | D:2      | Found a hide-covered altar of Uskayaw.
  1141 | D:2      | Noticed a hand axe
  1479 | D:3      | Reached XP level 4. HP: 24/24 MP: 5/8
  1493 | D:3      | Noticed HEYYEYAAE's ghost (amateur DrIE)
  1648 | D:4      | Found a staircase to the Ecumenical Temple.
  1655 | Temple   | Entered the Ecumenical Temple
  1676 | Temple   | Became a worshipper of Gozag Ym Sagoz the Greedy
  1680 | Temple   | Learned a level 2 spell: Blink
  1757 | D:4      | Reached skill level 1 in Translocations
  1757 | D:4      | Reached skill level 1 in Fire Magic
  1757 | D:4      | Reached skill level 1 in Poison Magic
  1902 | D:4      | Found a snail-covered altar of Cheibriados.
  2179 | D:2      | Reached skill level 1 in Air Magic
  2242 | D:2      | Reached XP level 5. HP: 25/28 MP: 2/9
  2556 | D:2      | Found a deep blue altar of Sif Muna.
  3218 | D:3      | Killed HEYYEYAAE's ghost
  3304 | D:3      | Reached XP level 6. HP: 20/32 MP: 7/11
  3494 | D:3      | Learned a level 1 spell: Confusing Touch
  3856 | D:4      | Reached skill level 1 in Fighting
  3916 | D:4      | Noticed Natasha
  3925 | D:4      | Killed Natasha
  4239 | D:4      | Reached XP level 7. HP: 34/39 MP: 5/12
  4380 | D:4      | Found an opulent altar of Gozag.
  4440 | D:5      | Entered Level 5 of the Dungeon
  4440 | D:5      | Noticed Paps's ghost (novice GrFi)
  4486 | D:5      | Found a basalt altar of Yredelemnul.
  4506 | D:4      | Reached skill level 1 in Shields
  4567 | D:4      | Noticed Natasha
  4570 | D:4      | Killed Natasha
  5017 | D:5      | Found an ornate altar of the Wu Jian Council.
  5134 | D:5      | Reached XP level 8. HP: 44/44 MP: 10/15
  5163 | D:5      | Killed Paps's ghost
  5396 | D:5      | Got a heavily runed plate armour
  5549 | D:6      | Reached skill level 1 in Armour
  5581 | D:6      | Reached skill level 1 in Hexes
  6130 | D:6      | Reached XP level 9. HP: 42/49 MP: 0/19
  6570 | D:6      | Found a sparkling altar of Nemelex Xobeh.
  7212 | D:7      | Noticed doot's ghost (novice DrCK)
  7224 | D:7      | Killed doot's ghost
  7224 | D:7      | Reached skill level 1 in Unarmed Combat
  7479 | D:7      | Reached XP level 10. HP: 57/58 MP: 21/23
  7809 | D:7      | Found an ancient bone altar of Kikubaaqudgha.
  7840 | D:8      | Reached skill level 5 in Armour
  7849 | D:8      | Noticed Maurice
  7850 | D:8      | Reached skill level 5 in Fighting
  7884 | D:8      | Killed Maurice
  7963 | D:8      | Identified the cursed +0 plate armour of Generosity {rN+ Dex+8} (You found it on level 5 of the Dungeon)
  8492 | D:8      | Noticed Prince Ribbit
  8525 | D:8      | Killed Prince Ribbit
  9049 | D:9      | Found a stormy altar of Qazlal.
  9050 | D:9      | Found a glowing silver altar of Zin.
  9078 | D:9      | Reached skill level 10 in Fighting
  9090 | D:9      | Found a blossoming altar of Fedhas.
  9100 | D:9      | Identified the Volume of Displaced Aid
  9187 | D:9      | Reached XP level 11. HP: 48/72 MP: 24/24
  9195 | D:9      | Learned a level 2 spell: Shroud of Golubria
  9219 | D:9      | Noticed Ymberto's ghost (novice MiFi)
  9316 | D:9      | Killed Ymberto's ghost
  9761 | D:9      | Noticed a two-headed ogre
  9781 | D:9      | Killed a two-headed ogre
  9851 | D:9      | Learned a level 2 spell: Call Imp
  9855 | D:10     | Entered Level 10 of the Dungeon
  9880 | D:10     | Noticed a vault guard
  9901 | D:10     | Killed a vault guard
  9931 | D:10     | Found a portal to a secret trove of treasure.
  9958 | D:10     | Found a staircase to the Lair.
 11133 | D:10     | Learned a level 2 spell: Poisonous Vapours
 11219 | Lair:1   | Entered Level 1 of the Lair of Beasts
 11387 | Lair:1   | Noticed a salamander
 11508 | D:11     | Noticed a tengu warrior
 11508 | D:11     | Noticed a two-headed ogre
 11698 | Lair:1   | Killed a salamander
 11981 | Lair:1   | Got a dazzling leather armour
 12025 | Lair:1   | Identified the +1 leather armour "Risautuz" {rN+ rCorr Str-5} (You found it on level 1 of the Lair of Beasts)
 12168 | Lair:1   | Reached XP level 12. HP: 28/84 MP: 0/25
 12605 | Lair:2   | Got a transparent shield
 12616 | Lair:2   | Identified the +5 shield of the Lair of Beasts {-Cast rElec Slay+5} (You found it on level 2 of the Lair of Beasts)
 12934 | Lair:2   | Reached skill level 5 in Unarmed Combat
 13931 | Lair:2   | Bought the -2 hat of the Alchemist {rElec rPois rF+ rC+ rN+ MR+ rMut rCorr} for 613 gold pieces
 13931 | Lair:2   | Found the -2 hat of the Alchemist {rElec rPois rF+ rC+ rN+ MR+ rMut rCorr}
 14758 | Lair:3   | Reached XP level 13. HP: 90/90 MP: 26/26
 14860 | Lair:3   | Found a staircase to the Snake Pit.
 14957 | Lair:3   | Reached skill level 10 in Unarmed Combat
 15121 | Lair:3   | Learned a level 3 spell: Dazzling Spray
 16232 | Lair:4   | Found a staircase to the Shoals.
 16509 | Lair:5   | Found a viscous altar of Jiyva.
 16510 | Lair:5   | Found a staircase to the Slime Pits.
 16515 | Lair:5   | Got a shimmering golden ring
 17370 | Lair:5   | Identified the ring of the Bull {rCorr rF+} (You found it on level 5 of the Lair of Beasts)
 17389 | Lair:6   | Entered Level 6 of the Lair of Beasts
 18689 | Lair:6   | Gained mutation: Your large and strong wings let you fly indefinitely. [Gargoyle growth]
 18689 | Lair:6   | Reached XP level 14. HP: 45/96 MP: 1/27
 19613 | Lair:6   | Reached skill level 1 in Charms
 19845 | Lair:6   | Slain by a spiny frog

Skill      XL: |  1  2  3  4  5  6  7  8  9 10 11 12 13 14 |
---------------+-------------------------------------------+-----
Conjurations   | 2 3 4 |  4.0
Translocations | 1 2 |  2.0
Fire Magic     | 1 2 |  2.0
Poison Magic   | 1 2 |  2.0
Air Magic      | 1 2 |  2.0
Fighting       | 1 2 4 10 13 14 | 14.1
Spellcasting   | 4 7 9 |  9.0
Shields        | 4 |  4.2
Armour         | 3 4 6 7 |  7.1
Hexes          | 1 |  1.0
Dodging        | 2 |  2.0
Unarmed Combat | 1 9 13 14 | 14.6
Charms         | 3 |  3.0
Stealth        | |  2.1
Summonings     | |  0.8

Action                   |  1- 3 |  4- 6 |  7- 9 | 10-12 | 13-15 || total
-------------------------+-------+-------+-------+-------+-------++-------
Melee: Short sword       |    27 |   152 |   256 |       |       ||   435
       Dagger            |       |       |    66 |   671 |   270 ||  1007
       Whip              |       |       |       |   262 |    50 ||   312
       Unarmed           |       |       |       |       |   316 ||   316
 Cast: Magic Dart        |    61 |   157 |   153 |    85 |       ||   456
       Conjure Flame     |       |     2 |    21 |    52 |    59 ||   134
       Mephitic Cloud    |       |     3 |    17 |    65 |    44 ||   129
       Blink             |       |       |       |    22 |    25 ||    47
       Shroud of Golubri |       |       |       |     1 |     7 ||     8
       Dazzling Spray    |       |       |       |       |     1 ||     1
Invok: Call Merchant     |       |       |     1 |     2 |       ||     3
Evoke: Wand              |       |    14 |    13 |    51 |    17 ||    95
       Sack of spiders   |       |       |       |       |     2 ||     2
  Use: Potion            |       |       |     1 |       |       ||     1
       Scroll            |       |       |     2 |    14 |     3 ||    19
 Stab: Confused          |       |     1 |    10 |    25 |    17 ||    53
       Sleeping          |       |       |     2 |       |       ||     2
       Distracted        |       |       |     1 |     1 |     4 ||     6
  Eat: Chunk             |     2 |     1 |       |       |       ||     3
       Ration            |       |     3 |     3 |     8 |     4 ||    18
Armor: Robe              |    31 |    15 |       |       |       ||    46
       Leather armour    |       |    57 |    78 |       |       ||   135
       Ring mail         |       |       |    70 |   415 |   228 ||   713
Dodge: Dodged            |    53 |   100 |   166 |   429 |   268 ||  1016
Block: Buckler           |       |       |    58 |   147 |   112 ||   317
